 Dungeon Crawl Stone Soup version 0.30-a0-341-g682706514a (webtiles) character file.

Game seed: 5826843634927428717

1846 hikkokomori the Chiller (level 8, 0/62 HPs)
             Began as a Demigod Ice Elementalist on Nov 1, 2022.
             Slain by an orc warrior
             ... wielding a +0 trident
              (12 damage)
             ... on level 7 of the Dungeon.
             The game lasted 00:25:41 (7150 turns).

hikkokomori the Chiller (Demigod Ice Elementalist)  Turns: 7150, Time: 00:25:41

Health: 0/62       AC:  9    Str: 21    XL:     8   Next: 57%
Magic:  12/19      EV: 11    Int: 25    God:
Gold:   118        SH:  0    Dex: 14    Spells: 3/18 levels left

rFire   . . .      SeeInvis .    K - +2 rapier (venom)
rCold   . . .      Faith    .    (no shield)
rNeg    . . .      Spirit   .    F - +0 ring mail
rPois   .          Reflect  .    n - +0 helmet
rElec   .          Harm     .    L - +1 cloak {Will+}
rCorr   .          Rampage  .    (no gloves)
Will    +....                    B - +0 pair of boots
Stlth   ++........               (no amulet)
HPRegen 0.30/turn                q - +6 ring of strength
MPRegen 0.16/turn                w - +6 ring of strength

@: no status effects
A: high MP 1, forlorn, divine attributes
a: no special abilities


You were on level 7 of the Dungeon.
You visited 1 branch of the dungeon, and saw 7 of its levels.
You also visited: Sewer.

You collected 492 gold pieces.
You spent 374 gold pieces at shops.

Inventory:

Hand Weapons
 c - a +0 club
 e - a +2 dagger of holy wrath
 H - a +0 vorpal spear
 K - a +2 rapier of venom (weapon)
Missiles
 x - a throwing net
Armour
 a - a +0 robe
 k - the +0 chain mail "Ocod" {Regen+}
   (You bought it in a shop on level 6 of the Dungeon)

   Regen:     It increases your rate of health regeneration.
 n - a +0 helmet (worn)
 o - a +0 cloak
 B - a +0 pair of boots (worn)
 F - a +0 ring mail (worn)
 L - a +1 cloak of willpower (worn)
Jewellery
 q - a +6 ring of strength (left hand)
 w - a +6 ring of strength (right hand)
 y - a ring of flight
 C - a +4 ring of slaying
Wands
 l - a wand of paralysis (5)
Scrolls
 f - 3 scrolls of teleportation
 i - 3 scrolls of fear
 m - 3 scrolls of butterflies
 p - 2 scrolls of enchant armour {unknown}
 t - 3 scrolls of amnesia {unknown}
 u - 2 scrolls of vulnerability
 v - a scroll of brand weapon {unknown}
 z - a scroll of summoning {unknown}
 A - a scroll of immolation
 D - a scroll of enchant weapon {unknown}
 E - a scroll of noise {unknown}
Potions
 b - 3 potions of magic
 d - a potion of cancellation {unknown}
 g - 4 potions of brilliance
 h - a potion of resistance
 j - 2 potions of mutation
 r - 4 potions of curing
 s - 6 potions of flight
 G - a potion of heal wounds {unknown}
 I - a potion of ambrosia {unknown}
 J - a potion of attraction {unknown}


   Skills:
 + Level 2.4 Fighting
 - Level 1.1 Armour
 - Level 1.7 Dodging
 + Level 4.7 Stealth
 + Level 5.5 Spellcasting
 + Level 3.9 Summonings
 + Level 6.8 Ice Magic


You had 3 spell levels left.
You knew the following spells:

 Your Spells              Type           Power      Damage    Failure   Level
a - Freeze                Ice            100%       1d10      1%          1
b - Frozen Ramparts       Ice            82%        1d13      2%          3
c - Ozocubu's Armour      Ice            41%        N/A       2%          3
d - Summon Guardian Gole  Hex/Summ       16%        N/A       17%         3
e - Ensorcelled Hibernat  Hex/Ice        48%        N/A       4%          2
f - Call Canine Familiar  Summ           26%        N/A       8%          3

Your spell library contained the following spells:

 Spells                   Type           Power      Damage    Failure   Level
 Summon Small Mammal      Summ           100%       N/A       2%          1
 Passwall                 Tmut/Erth      5%         N/A       21%         2
 Swiftness                Air            6%         N/A       36%         3
 Summon Ice Beast         Ice/Summ       33%        N/A       14%         4
 Yara's Violent Unravell  Hex/Tmut       3%         3d4       98%         5
 Enfeeble                 Hex            3%         N/A       100%        7


Dungeon Overview and Level Annotations

Branches:
Dungeon (7/15)             Temple (0/1) D:4           Sewer (visited)

Shops:
D:6 [

Annotations:
D:6 2 transporters, deadpool521's ghost, novice HOFi


Innate Abilities, Weirdness & Mutations

You have an increased reservoir of magic. (+10% MP)
You shall have no god before yourself.
Your divine heritage dramatically boosts your attributes as you level up.


Message History

Confirm with . or Enter, or press ? or * to list all spells.
Casting: Frozen Ramparts (dangerous; 2% risk of failure)
Press: ? - help, Dir - look around, f - activate The walls around you are covered in ice.
The wall freezes the scorpion.
The scorpion misses your hound.
Your hound bites the scorpion.
An orc comes into view. It is wielding a +0 trident.
The wall freezes the steam dragon.
The steam dragon breathes steam at you. The ball of steam misses you.
The orc warrior completely resists.
The wall freezes the orc warrior but does no damage.
Unknown command.
You barely miss the steam dragon.
The steam dragon is heavily wounded.
You are engulfed in a cloud of scalding steam.
* * * LOW HITPOINT WARNING * * *
Your hound closely misses the scorpion.
The wall freezes the scorpion!
You kill the scorpion!
The wall freezes the steam dragon.
The steam dragon bites you.
* * * LOW HITPOINT WARNING * * *
The steam dragon claws you but does no damage.
The wall freezes the orc!
You kill the orc!
The orc warrior closely misses you.
Your hound closely misses the steam dragon.
You hit the steam dragon but do no damage.
The steam dragon looks even sicker.
The steam dragon is severely wounded.
Your hound bites the steam dragon.
The orc warrior hits you from afar with a +0 trident.
* * * LOW HITPOINT WARNING * * *
The wall freezes the steam dragon.
You kill the steam dragon!
Your hound bites the orc warrior but does no damage.
Your frozen ramparts will break if you move.
Continue?
Okay, then.
Your frozen ramparts will break if you move.
Continue?
The frozen ramparts melt away as you move.
The orc warrior hits you from afar with a +0 trident!
You die...

... ####+#..
#...... #.....#
#.....+
###.....#
#.......######
#...ยง@........
#.....ho......
#.............
...#######).....
.. ...?.. .
...... ....#
....# ..!#


You could see an orc warrior (ally target) and a friendly hound (summoned, very
poisoned).

Vanquished Creatures
  Eustachio (D:6)
  Edmund (D:5)
  Menkaure (D:4)
  2 steam dragons
  3 black bears
  A centaur (D:6)
  3 scorpions
  A jelly (D:5)
  A hound (D:4)
  3 orc priests
  Ijyb (D:3)
  2 orc wizards
  3 iguanas (D:6)
  4 gnolls (D:3)
  8 adders
  6 river rats (Sewer)
  A white imp (D:5)
  6 worms
  17 orcs
  20 ball pythons
  8 endoplasms
  9 giant cockroaches
  8 goblins
  6 hobgoblins
  14 jackals
  2 quokkas
  11 bats
  2 frilled lizards
  4 kobolds
  7 rats
  A spectral orc (D:3)
157 creatures vanquished.

Vanquished Creatures (others)
  An ogre (D:5)
  6 plants (D:6)
7 creatures vanquished.

Grand Total: 164 creatures vanquished

Notes
Turn   | Place    | Note
-------+----------+-------------------------------------------
     0 | D:1      | hikkokomori the Demigod Ice Elementalist began the quest
                  | for the Orb.
     0 | D:1      | Reached XP level 1. HP: 14/14 MP: 5/5
   263 | D:1      | Reached XP level 2. HP: 19/20 MP: 4/7
   500 | D:1      | Reached skill level 4 in Ice Magic
  1062 | D:1      | Reached XP level 3. HP: 26/26 MP: 7/9
  1135 | D:1      | Learned a level 3 spell: Frozen Ramparts
  1139 | D:1      | Learned a level 3 spell: Ozocubu's Armour
  2101 | D:3      | Found a glowing drain.
  2140 | Sewer    | Entered a sewer
  2232 | Sewer    | Reached XP level 4. HP: 33/33 MP: 7/11
  2754 | Sewer    | Reached XP level 5. HP: 37/38 MP: 13/13
  2932 | Sewer    | Reached skill level 5 in Ice Magic
  3498 | D:3      | Noticed Ijyb
  3509 | D:3      | Killed Ijyb
  3588 | D:3      | Learned a level 3 spell: Summon Guardian Golem
  3591 | D:3      | Learned a level 2 spell: Ensorcelled Hibernation
  4070 | D:4      | Found a staircase to the Ecumenical Temple.
  4164 | D:4      | Reached XP level 6. HP: 45/45 MP: 10/15
  4166 | D:4      | Reached skill level 1 in Summonings
  4578 | D:4      | Noticed Menkaure
  4641 | D:5      | Entered Level 5 of the Dungeon
  5007 | D:5      | Noticed Edmund
  5022 | D:5      | Killed Edmund
  5023 | D:5      | Reached XP level 7. HP: 27/50 MP: 1/17
  5400 | D:5      | Reached skill level 6 in Ice Magic
  5686 | D:4      | Killed Menkaure
  5687 | D:4      | Reached skill level 1 in Armour
  5970 | D:6      | Found Jeterch's Antique Armour Shop.
  6003 | D:6      | Bought a fine chain mail for 209 gold pieces
  6003 | D:6      | Identified the +0 chain mail "Ocod" {Regen+} (You bought it
                  | in a shop on level 6 of the Dungeon)
  6116 | D:6      | Reached skill level 5 in Spellcasting
  6207 | D:6      | Learned a level 3 spell: Call Canine Familiar
  6309 | D:6      | Noticed a steam dragon
  6318 | D:6      | Killed a steam dragon
  6319 | D:6      | Reached XP level 8. HP: 56/58 MP: 1/19
  6320 | D:6      | Reached skill level 1 in Fighting
  6446 | D:6      | Noticed Eustachio
  6610 | D:6      | Killed Eustachio
  6826 | D:6      | Noticed a spectral ugly thing
  6852 | D:6      | Found a transporter.
  6853 | D:6      | Found a transporter.
  6860 | D:6      | Noticed deadpool521's ghost (novice HOFi)
  6860 | D:6      | Found the necklace of Bloodlust {*Rage Will++ Int-3 Slay+6}
  7123 | D:6      | Bought a glowing cloak for 165 gold pieces
  7150 | D:7      | Slain by an orc warrior

Illustrated notes

Levels and vault maps discovered:
D:1:      roderic_dead_forest, layout_basic,
          hellmonk_ecumenical_altar_arch_garden, minivault_26,
          minmay_misc_feat_encased, minmay_octomino_e4
D:2:      layout_basic, grunt_decor_cap
D:3:      layout_loops_ring, yredelemnul_forgotten_temple_becter,
          lemuel_round_altar, lemuel_round_altar, portal_sewer_entry_c,
          solitary_fountain, minmay_misc_feat_doors, minmay_misc_feat_rows,
          uniq_ijyb
D:4:      layout_loops_ring, minmay_temple_entry_tees, serial_glass,
          glass_columns_a, glass_columns_a, uniq_menkaure
D:5:      layout_loops_ring, nicolae_overflow_hallway_of_the_gods,
          corner_web_ring, uniq_edmund
D:6:      layout_cave_pools, regret_index_temple_of_mockery, tso_altar,
          gammafunk_ghost_gnarly_gnolls, minmay_misc_feat_ornament,
          serial_park_tiny_1, nicolae_stop_n_shop_1, uniq_eustachio
D:7:      old_forge, layout_gridville, gammafunk_ghost_split

Skill      XL: |  1  2  3  4  5  6  7  8 |
---------------+-------------------------+-----
Spellcasting   | 2 3 4 5 |  5.5
Ice Magic      | 4 5 6 |  6.8
Stealth        | 3 4 |  4.7
Summonings     | 2 3 |  3.9
Armour         | 1 |  1.1
Fighting       | 2 |  2.4
Dodging        | |  1.7

Action                   |  1- 3 |  4- 6 |  7- 9 || total
-------------------------+-------+-------+-------++-------
Melee: Club              |     3 |       |       ||     3
       Dagger            |    44 |    75 |    52 ||   171
       Unarmed           |     1 |       |       ||     1
       Punch             |       |       |     1 ||     1
       Rapier            |       |       |    24 ||    24
Throw: Throwing net      |       |     1 |       ||     1
 Cast: Freeze            |    57 |    62 |    17 ||   136
       Frozen Ramparts   |     7 |    14 |     7 ||    28
       Ozocubu's Armour  |       |     9 |     3 ||    12
       Summon Guardian G |       |     1 |     3 ||     4
       Call Canine Famil |       |       |     4 ||     4
       Ensorcelled Hiber |       |       |     3 ||     3
Evoke: Wand              |       |       |     3 ||     3
  Use: Scroll            |     6 |     2 |     2 ||    10
       Potion            |       |       |     2 ||     2
 Stab: Sleeping          |       |       |     2 ||     2
       Paralysed         |       |       |     1 ||     1
Armor: Robe              |    19 |    76 |       ||    95
       Ring mail         |       |       |    62 ||    62
Dodge: Dodged            |    63 |   129 |    82 ||   274

Table legend: (Time is in decaauts)
 A = Elapsed time spent in this place.
 B = Non-inter-level travel time spent in this place.
 C = Inter-level travel time spent in this place.
 D = Time resting spent in this place.
 E = Time spent auto-exploring this place.
 F = Levels seen in this place.
 G = Mean time per level.
                   A        B        C        D        E       F      G
               +--------+--------+--------+--------+--------+-----+--------+
         Total |   7325 |   7117 |    208 |    706 |   4815 |   8 |  915.6 |
       Dungeon |   6148 |   5940 |    208 |    614 |   4079 |   7 |  878.3 |
         Sewer |   1177 |   1177 |      0 |     92 |    735 |   1 | 1177.0 |
               +--------+--------+--------+--------+--------+-----+--------+

Top non-repeatable levels by time:
   Sewer: 1177 daAuts
     D:1: 1159 daAuts
     D:5: 1154 daAuts
     D:6: 1056 daAuts
     D:3: 1034 daAuts
     D:4: 997 daAuts
     D:2: 731 daAuts
     D:7: 14 daAuts
